 Dungeon Crawl Stone Soup version 0.29-a0-529-gfa20dd96a1 (webtiles) character file.

Game seed: 16155951126137989695

107 jifgo the Conjurer (level 4, -6/33 HPs)
             Began as a Demonspawn Conjurer on June 2, 2022.
             Mangled by an iguana (13 damage)
             ... on level 3 of the Dungeon.
             The game lasted 00:03:36 (2006 turns).

jifgo the Conjurer (Demonspawn Conjurer)            Turns: 2006, Time: 00:03:37

Health: -6/33      AC:  4    Str:  7    XL:     4   Next: 56%
Magic:  3/8        EV: 12    Int: 21    God:
Gold:   71         SH:  0    Dex: 12    Spells: 3/9 levels left

rFire   . . .      SeeInvis .   f - +0 whip
rCold   . . .      Faith    .   (no shield)
rNeg    . . .      Spirit   .   a - +0 robe
rPois   .          Reflect  .   (no helmet)
rElec   .          Harm     .   (no cloak)
rCorr   .          Rampage  .   (no gloves)
Will    .....                   (no boots)
Stlth   ++........              (no amulet)
HPRegen 0.11/turn               (no ring)
MPRegen 0.22/turn               (no ring)

@: no status effects
A: thin metallic scales 1, magic regeneration, demonic touch 1
a: no special abilities


You were on level 3 of the Dungeon.
You visited 1 branch of the dungeon, and saw 3 of its levels.

You collected 71 gold pieces.

Inventory:

Hand Weapons
 f - a +0 whip (weapon)
Armour
 a - a +0 robe (worn)
Jewellery
 d - a ring of resist corrosion
Scrolls
 c - 6 scrolls of identify {unknown}
 g - 4 scrolls of teleportation {unknown}
 k - a scroll of amnesia {unknown}
 l - a scroll of immolation {unknown}
 m - a scroll of vulnerability {unknown}
 o - a scroll of torment {unknown}
Potions
 b - a potion of magic
 e - a potion of resistance {unknown}
 h - a potion of invisibility {unknown}
 i - a potion of ambrosia {unknown}
 j - a potion of attraction {unknown}
 n - a potion of curing {unknown}


   Skills:
 + Level 2.2 Fighting
 - Level 1.7 Dodging
 - Level 1.7 Stealth
 + Level 3.0 Spellcasting
 + Level 4.7 Conjurations


You had 3 spell levels left.
You knew the following spells:

 Your Spells              Type           Power      Damage    Failure   Level
a - Searing Ray           Conj           46%        2d6       2%          2
b - Dazzling Flash        Conj/Hex       26%        N/A       16%         3
x - Magic Dart            Conj           92%        1d7       1%          1

Your spell library contained the following spells:

 Spells                   Type           Power      Damage    Failure   Level
 Sublimation of Blood     Necr           3%         N/A       21%         2
 Fulminant Prism          Conj/Hex       6%         3d7       45%         4
 Iskenderun's Mystic Bla  Conj/Tloc      13%        2d5       45%         4
 Petrify                  Tmut/Erth      3%         N/A       78%         4
 Irradiate                Conj/Tmut      6%         3d15      80%         5


Dungeon Overview and Level Annotations

Branches:
Dungeon (3/15)

Altars:

Shops:
D:2 [


Innate Abilities, Weirdness & Mutations

You are partially covered in thin metallic scales. (AC +2)
You regenerate magic rapidly.
Your touch may inflict minor irresistible damage on your foes.


Message History

Aiming: Magic Dart (safe; 1% risk of failure)
Press: ? - help, Shift-Dir - straight line, f - iguana
Aim: an iguana (100% to hit)
The magic dart hits the iguana but does no damage.
The iguana hisses menacingly.
There is an open door here.
Casting: Magic Dart (safe; 1% risk of failure)
Confirm with . or Enter, or press ? or * to list all spells.
Aiming: Searing Ray (safe; 2% risk of failure)
Press: ? - help, Shift-Dir - straight line, f - goblin, p - iguana
Aim: a goblin, wielding a +0 club (72% to hit)
The searing ray hits the iguana.
The iguana is lightly wounded.
The searing ray hits the goblin.
The goblin is severely wounded. (Press . to maintain the ray.)
The searing ray hits the iguana.
The iguana is heavily wounded.
The searing ray hits the goblin!
You kill the goblin!
The iguana closely misses you.
The searing ray hits the iguana.
The iguana is severely wounded.
The searing ray hits the black bear.
The black bear is lightly wounded.
The iguana barely misses you. The iguana attacks as you move away!
The iguana bites you! The iguana attacks as you move away!
The iguana bites you!
You open the door. The iguana bites you!
* * * LOW HITPOINT WARNING * * *
There is an open door here.
The iguana attacks as you move away! The iguana bites you.
* * * LOW HITPOINT WARNING * * *
Casting: Searing Ray (safe; 2% risk of failure)
Confirm with . or Enter, or press ? or * to list all spells.
The spell is quite dangerous to miscast (16% risk of failure)!
Continue anyway?
Casting: Dazzling Flash (quite dangerous; 16% risk of failure)
Press: ? - help, Dir - look around, f - activate The iguana bites you!
You die...

##....###.........####.#......
#.......'.........'..).'...⌠..
##....###.........####.#......
###.#.# ##.......## #.# ⌠...⌠
##.###.# ##.....## #.# ....
##.#.##.# ##...## #.# +##
#.#.....# ##h## #.. ##...####
#l# ### ##.## #@#
#.###########.##
#.##.....†<....##
#........##÷....#
####.###.###...###### #.#
#.###.(....... #.#
#......###### #.#######..#
#..........##


You could see a black bear and an iguana.

Vanquished Creatures
  Natasha (twice) (D:3)
  3 adders
  7 bats
  3 endoplasms (D:1)
  2 giant cockroaches (D:1)
  4 goblins
  5 hobgoblins
  2 ball pythons
  A frilled lizard (D:2)
  A kobold (D:1)
  2 rats
32 creatures vanquished.

Vanquished Creatures (others)
  28 plants (D:3)
28 creatures vanquished.

Grand Total: 60 creatures vanquished

Notes
Turn   | Place    | Note
-------+----------+-------------------------------------------
     0 | D:1      | jifgo the Demonspawn Conjurer began the quest for the Orb.
     0 | D:1      | Reached XP level 1. HP: 13/13 MP: 3/3
   285 | D:1      | Gained mutation: Your touch may inflict minor irresistible
                  | damage on your foes. [demonic ancestry]
   285 | D:1      | Reached XP level 2. HP: 20/20 MP: 3/5
   388 | D:1      | Reached skill level 1 in Fighting
  1341 | D:2      | Gained mutation: You regenerate magic rapidly. [demonic
                  | ancestry]
  1341 | D:2      | Reached XP level 3. HP: 26/26 MP: 1/6
  1500 | D:2      | Found Koucw's Armour Boutique.
  1690 | D:3      | Noticed Natasha
  1754 | D:3      | Killed Natasha
  1783 | D:2      | Learned a level 2 spell: Searing Ray
  1787 | D:2      | Learned a level 3 spell: Dazzling Flash
  1794 | D:3      | Gained mutation: You are partially covered in thin metallic
                  | scales. (AC +2) [demonic ancestry]
  1794 | D:3      | Reached XP level 4. HP: 33/33 MP: 2/8
  1842 | D:3      | Noticed Natasha
  1845 | D:3      | Killed Natasha
  1989 | D:3      | Noticed a black bear
  2006 | D:3      | Mangled by an iguana

Illustrated notes

Levels and vault maps discovered:
D:1:      nagdon_arrival_zigzag_paths, layout_basic
D:2:      layout_basic, serial_shops, shop
D:3:      layout_loops_corners, dreamdust_ecumenical_altar_hidden_monk_grotto,
          serial_bayou, serial_bayou_ford_a, serial_bayou_lagoon_a,
          serial_bayou_shore_b, serial_bayou_crossing, minmay_fountain_box,
          uniq_natasha

Skill      XL: |  1  2  3  4 |
---------------+-------------+-----
Fighting       | 1 2 |  2.2
Spellcasting   | 3 |  3.0
Dodging        | |  1.7
Stealth        | |  1.7
Conjurations   | |  4.7

Action                   |  1- 3 |  4- 6 || total
-------------------------+-------+-------++-------
Melee: Whip              |     3 |       ||     3
       Touch             |     1 |       ||     1
 Cast: Magic Dart        |    56 |     6 ||    62
       Searing Ray       |     1 |     2 ||     3
       Dazzling Flash    |       |     1 ||     1
Armor: Robe              |     3 |       ||     3
Dodge: Dodged            |     7 |     3 ||    10

Table legend: (Time is in decaauts)
 A = Elapsed time spent in this place.
 B = Non-inter-level travel time spent in this place.
 C = Inter-level travel time spent in this place.
 D = Time resting spent in this place.
 E = Time spent auto-exploring this place.
 F = Levels seen in this place.
 G = Mean time per level.
                   A        B        C        D        E       F      G
               +--------+--------+--------+--------+--------+-----+--------+
         Total |   2004 |   1942 |     62 |    606 |   1126 |   3 |  668.0 |
       Dungeon |   2004 |   1942 |     62 |    606 |   1126 |   3 |  668.0 |
               +--------+--------+--------+--------+--------+-----+--------+

Top non-repeatable levels by time:
     D:1: 1041 daAuts
     D:2: 707 daAuts
     D:3: 255 daAuts
